NCAA
TEXAS LONGHORNS @ CAL STATE FULLERTON TITANS
03/21/2060
 
TOP OF THE 1ST
Texas Longhorns batting - Pitching for Cal State Fullerton Titans : LHP Grant Brink
Pitching: LHP Grant Brink
Batting: RHB Jim Hamling 0-0: Ball
1-0: Ball
2-0: Foul Ball, location: 2F
2-1: Called Strike
2-2: Ball
3-2: Foul Ball, location: 2F
3-2: Base on Balls
Batting: RHB Eddie Neil 0-0: Called Strike
0-1: Foul Ball, location: 2F
0-2: Ball
1-2: Ball
2-2: Foul Ball, location: 2F
2-2: Fly out, F7 (Flyball, 7, EV 90.6 MPH)
Batting: RHB Mason Smith 0-0: Called Strike
0-1: Ball
Jim Hamling is caught stealing 2nd base 2-4
1-1: Ball
2-1: Swinging Strike
2-2: Strikes out swinging
Top of the 1st over - 0 runs, 0 hits, 0 errors, 0 left on base; Texas 0 - Cal State Fullerton 0
BOTTOM OF THE 1ST
Cal State Fullerton Titans batting - Pitching for Texas Longhorns : RHP Nik Antonides
Pitching: RHP Nik Antonides
Batting: RHB Joel Haviland 0-0: Ball
1-0: Called Strike
1-1: Ball
2-1: Swinging Strike
2-2: Foul Ball, location: 2F
2-2: Ball
3-2: Ground out 6-3 (Groundball, 6S, EV 68.8 MPH)
Batting: RHB Lucas Phillips 0-0: Fly out, F8 (Flyball, 8LD, EV 104.4 MPH)
Batting: LHB Blake Neer 0-0: Called Strike
0-1: Foul Ball, location: 2F
0-2: Foul Ball, location: 2F
0-2: Foul Ball, location: 2F
0-2: Strikes out swinging
Bottom of the 1st over - 0 runs, 0 hits, 0 errors, 0 left on base; Texas 0 - Cal State Fullerton 0
TOP OF THE 2ND
Texas Longhorns batting - Pitching for Cal State Fullerton Titans : LHP Grant Brink
Batting: LHB Cyrus LeDoux 0-0: Ground out 6-3 (Groundball, 6, EV 95.0 MPH)
Batting: RHB Cordell Fortunato 0-0: Ground out 6-3 (Groundball, 6S, EV 66.9 MPH)
Batting: LHB Evan Kessinger 0-0: Ball
1-0: Ball
2-0: Swinging Strike
2-1: Ball
3-1: Called Strike
3-2: DOUBLE (Line Drive, 78M, EV 94.4 MPH)
Batting: RHB Henry Willke 0-0: Fly out, F8 (Flyball, 8LM, EV 81.9 MPH)
Top of the 2nd over - 0 runs, 1 hit, 0 errors, 1 left on base; Texas 0 - Cal State Fullerton 0
BOTTOM OF THE 2ND
Cal State Fullerton Titans batting - Pitching for Texas Longhorns : RHP Nik Antonides
Batting: RHB Caleb Robinson 0-0: Called Strike
0-1: Fly out, F9 (Flyball, 89S, EV 89.4 MPH)
Batting: LHB Kyle Harleman 0-0: Called Strike
0-1: Foul Ball, location: 2F
0-2: Ball
1-2: SOLO HOME RUN (Flyball, 78XD, EV 105.0 MPH), Distance : 429 ft
Batting: RHB Miles Fragosa 0-0: Ball
1-0: Ball
2-0: Called Strike
2-1: Foul Ball, location: 2F
2-2: Foul Ball, location: 2F
2-2: Ground out 6-3 (Groundball, 56, EV 83.1 MPH)
Batting: RHB Braedan McPherson 0-0: Ball
1-0: Ball
2-0: SINGLE (Line Drive, 7LS, EV 98.1 MPH)
Batting: LHB Nazr Lara 0-0: Called Strike
Braedan McPherson steals 2nd base
0-1: Called Strike
0-2: Strikes out swinging
Bottom of the 2nd over - 1 run, 2 hits, 0 errors, 1 left on base; Texas 0 - Cal State Fullerton 1
TOP OF THE 3RD
Texas Longhorns batting - Pitching for Cal State Fullerton Titans : LHP Grant Brink
Batting: RHB Nathan Hayes 0-0: Ball
1-0: Ball
2-0: Ground out 5-3 (Groundball, 5L, EV 84.4 MPH)
Batting: RHB Kyle Joaquim 0-0: Ball
1-0: Called Strike
1-1: Foul Ball, location: 2F
1-2: Strikes out swinging
Batting: RHB Jim Hamling 0-0: Foul Ball, location: 2F
0-1: Ball
1-1: Ground out 3-1 (Groundball, 34, EV 91.2 MPH)
Top of the 3rd over - 0 runs, 0 hits, 0 errors, 0 left on base; Texas 0 - Cal State Fullerton 1
BOTTOM OF THE 3RD
Cal State Fullerton Titans batting - Pitching for Texas Longhorns : RHP Nik Antonides
Batting: RHB Lawrence Holmes 0-0: Ground out 3-1 (Groundball, 34S, EV 81.2 MPH)
Batting: RHB Joel Haviland 0-0: Ball
1-0: Called Strike
1-1: Ball
2-1: Called Strike
2-2: Foul Ball, location: 2F
2-2: Ball
3-2: Fly out, F7 (Flyball, 7S, EV 91.2 MPH)
Batting: RHB Lucas Phillips 0-0: Foul Ball, location: 2F
0-1: DOUBLE (Line Drive, 78D, EV 106.9 MPH)
Batting: LHB Blake Neer 0-0: Called Strike
0-1: Foul Ball, location: 2F
0-2: Ball
1-2: Ground out 1-3 (Groundball, 34S, EV 68.8 MPH)
Bottom of the 3rd over - 0 runs, 1 hit, 0 errors, 1 left on base; Texas 0 - Cal State Fullerton 1
TOP OF THE 4TH
Texas Longhorns batting - Pitching for Cal State Fullerton Titans : LHP Grant Brink
Batting: RHB Eddie Neil 0-0: Ball
1-0: Ball
2-0: Swinging Strike
2-1: Called Strike
2-2: Ball
3-2: Foul Ball, location: 2F
3-2: Foul Ball, location: 2F
3-2: Strikes out swinging
Batting: RHB Mason Smith 0-0: Ball
1-0: Ground out 5-3 (Groundball, 56S, EV 81.9 MPH)
Batting: LHB Cyrus LeDoux 0-0: Ground out 4-3 (Groundball, 4, EV 115.0 MPH)
Top of the 4th over - 0 runs, 0 hits, 0 errors, 0 left on base; Texas 0 - Cal State Fullerton 1
BOTTOM OF THE 4TH
Cal State Fullerton Titans batting - Pitching for Texas Longhorns : RHP Nik Antonides
Batting: RHB Caleb Robinson 0-0: DOUBLE (Line Drive, 9LS, EV 97.5 MPH)
Batting: LHB Kyle Harleman 0-0: Swinging Strike
0-1: Ball
1-1: Ball
2-1: Swinging Strike
2-2: Ball
3-2: Foul Ball, location: 2F
3-2: Foul Ball, location: 2F
3-2: Ground out 2-3 (Groundball, 2L, EV 68.1 MPH)
Caleb Robinson to third
Batting: RHB Miles Fragosa 0-0: Called Strike
0-1: Swinging Strike
0-2: Ball
1-2: Ball
2-2: Foul Ball, location: 2F
2-2: Strikes out swinging
Batting: RHB Braedan McPherson 0-0: Ground out 6-3 (Groundball, 6, EV 91.9 MPH)
Bottom of the 4th over - 0 runs, 1 hit, 0 errors, 1 left on base; Texas 0 - Cal State Fullerton 1
TOP OF THE 5TH
Texas Longhorns batting - Pitching for Cal State Fullerton Titans : LHP Grant Brink
Batting: RHB Cordell Fortunato 0-0: Called Strike
0-1: Ball
1-1: Ball
2-1: Ball
3-1: Base on Balls
Batting: LHB Evan Kessinger 0-0: Reached on error, E1 (Groundball, P, EV 43.8 MPH)
Cordell Fortunato to second
Batting: RHB Henry Willke 0-0: Called Strike
0-1: Ball
1-1: Ball
2-1: Foul Ball, location: 2F
2-2: SINGLE (Line Drive, 8RS, EV 91.2 MPH)
Cordell Fortunato to third
Evan Kessinger to second
Batting: RHB Nathan Hayes 0-0: Ball
1-0: Called Strike
1-1: Fly out, F8 (Flyball, 8RD, EV 94.4 MPH)
Runner from 3rd tags up, SCORES, throw by CF
Evan Kessinger to third
Batting: RHB Kyle Joaquim 0-0: Called Strike
0-1: Ball
1-1: SINGLE (Groundball, 15S, EV 70.0 MPH) (infield hit)
Henry Willke to second
Batting: RHB Jim Hamling 0-0: Called Strike
0-1: Ball
1-1: Ball
2-1: Swinging Strike
2-2: Ball
3-2: DOUBLE (Flyball, 78XD, EV 98.1 MPH)
Evan Kessinger scores
Henry Willke scores
Kyle Joaquim to third
Runner from 3rd tries for Home, throw by CF and OUT! 8-6-2
Runner from 2nd tries for 3rd, throw by C and SAFE!
Batting: RHB Eddie Neil 0-0: Ball
1-0: Foul Ball, location: 2F
1-1: Ball
2-1: Swinging Strike
2-2: Ball
3-2: Base on Balls
Batting: RHB Mason Smith 0-0: Ball
1-0: Swinging Strike
1-1: Ground out U3 (Groundball, 34S, EV 83.8 MPH)
Top of the 5th over - 3 runs, 3 hits, 1 error, 2 left on base; Texas 3 - Cal State Fullerton 1
BOTTOM OF THE 5TH
Cal State Fullerton Titans batting - Pitching for Texas Longhorns : RHP Nik Antonides
Batting: LHB Nazr Lara 0-0: Ball
1-0: Called Strike
1-1: Foul Ball, location: 2F
1-2: Foul Ball, location: 2F
1-2: Hit by Pitch
Batting: RHB Lawrence Holmes 0-0: Called Strike
0-1: Foul Ball, location: 2F
0-2: Strikes out swinging
Batting: RHB Joel Haviland 0-0: Called Strike
0-1: Fly out, F8 (Flyball, 89M, EV 98.8 MPH)
Batting: RHB Lucas Phillips 0-0: Called Strike
0-1: Ball
1-1: SINGLE (Line Drive, 6MD, EV 100.6 MPH)
Nazr Lara to second
Runner from 2nd tries for 3rd, SAFE, throw by CF made to third
Batting: LHB Blake Neer 0-0: Ball
1-0: Reached on error, E5 (Groundball, 56, EV 103.1 MPH)
Nazr Lara scores
Lucas Phillips to second
Batting: RHB Caleb Robinson 0-0: Ball
Wild Pitch!
Lucas Phillips to third
Blake Neer to second
1-0: Called Strike
1-1: Swinging Strike
1-2: Ball
2-2: Ground out 4-3 (Groundball, 4D, EV 83.8 MPH)
Bottom of the 5th over - 1 run, 1 hit, 1 error, 2 left on base; Texas 3 - Cal State Fullerton 2
TOP OF THE 6TH
Texas Longhorns batting - Pitching for Cal State Fullerton Titans : LHP Grant Brink
Batting: LHB Cyrus LeDoux 0-0: Called Strike
0-1: Ball
1-1: Swinging Strike
1-2: Strikes out swinging
Batting: RHB Cordell Fortunato 0-0: Ground out 6-3 (Groundball, 6, EV 80.6 MPH)
Batting: LHB Evan Kessinger 0-0: Ball
1-0: Ball
2-0: Called Strike
2-1: Foul Ball, location: 2F
2-2: Ball
3-2: Foul Ball, location: 2F
3-2: Base on Balls
Pitching: LHP Simon Sharp
Batting: RHB Henry Willke 0-0: Ball
1-0: Foul Ball, location: 2F
1-1: Ball
2-1: Foul Ball, location: 2F
2-2: Ground out 5-3 (Groundball, 56, EV 78.1 MPH)
Top of the 6th over - 0 runs, 0 hits, 0 errors, 1 left on base; Texas 3 - Cal State Fullerton 2
BOTTOM OF THE 6TH
Cal State Fullerton Titans batting - Pitching for Texas Longhorns : RHP Nik Antonides
Batting: LHB Kyle Harleman 0-0: Foul Ball, location: 2F
0-1: Ball
1-1: Called Strike
1-2: Foul Ball, location: 2F
1-2: Ball
2-2: Ball
3-2: Fly out, F8 (Line Drive, 8LM, EV 100.6 MPH)
Pitching: LHP Logan Kinard
Batting: RHB Miles Fragosa 0-0: Called Strike
0-1: Ball
1-1: Ball
2-1: Ball
3-1: Base on Balls
Batting: RHB Braedan McPherson 0-0: Called Strike
0-1: Foul Ball, location: 2F
0-2: Ball
1-2: Foul Ball, location: 2F
1-2: Foul Ball, location: 2F
1-2: Strikes out swinging
Batting: RHB Phillip DuPlantis 0-0: Ball
1-0: Swinging Strike
1-1: Swinging Strike
1-2: Ball
2-2: Fielders Choice at 2nd, 6-4 (Groundball, 56, EV 100.6 MPH)
Bottom of the 6th over - 0 runs, 0 hits, 0 errors, 1 left on base; Texas 3 - Cal State Fullerton 2
TOP OF THE 7TH
Texas Longhorns batting - Pitching for Cal State Fullerton Titans : LHP Simon Sharp
Batting: RHB Nathan Hayes 0-0: Foul Ball, location: 2F
0-1: Ball
1-1: Ground out 1-3 (Groundball, 13S, EV 68.8 MPH)
Batting: RHB Kyle Joaquim 0-0: Ball
1-0: Called Strike
1-1: Ground out 6-3 (Groundball, 6, EV 85.6 MPH)
Batting: RHB Jim Hamling 0-0: Called Strike
0-1: Ball
1-1: Foul Ball, location: 2F
1-2: Ball
2-2: DOUBLE (Flyball, 8RXD, EV 102.5 MPH)
Batting: RHB Eddie Neil 0-0: Swinging Strike
0-1: Ball
1-1: Foul Ball, location: 2F
1-2: Strikes out looking
Top of the 7th over - 0 runs, 1 hit, 0 errors, 1 left on base; Texas 3 - Cal State Fullerton 2
BOTTOM OF THE 7TH
Cal State Fullerton Titans batting - Pitching for Texas Longhorns : LHP Logan Kinard
Now at 1B: Toren Robinson
Batting: RHB Lawrence Holmes 0-0: Ball
1-0: Called Strike
1-1: Fly out, F4 (Flyball, 34D, EV 90.6 MPH)
Batting: RHB Joel Haviland 0-0: Called Strike
0-1: Foul Ball, location: 2F
0-2: Hit by Pitch
Batting: RHB Lucas Phillips 0-0: Called Strike
Joel Haviland steals 2nd base (no throw)
0-1: Called Strike
0-2: Ball
1-2: Ball
2-2: Ground out 5-3 (Groundball, 56, EV 103.8 MPH)
Pinch Hitting: RHB Andy Hoban 0-0: Called Strike
0-1: Swinging Strike
0-2: Foul Ball, location: 2F
0-2: Foul Ball, location: 2F
0-2: Strikes out swinging
Bottom of the 7th over - 0 runs, 0 hits, 0 errors, 1 left on base; Texas 3 - Cal State Fullerton 2
TOP OF THE 8TH
Texas Longhorns batting - Pitching for Cal State Fullerton Titans : LHP Simon Sharp
Now at 1B: Andy Hoban
Batting: RHB Mason Smith 0-0: Ball
1-0: Ball
2-0: Ball
3-0: Called Strike
3-1: Called Strike
3-2: Ground out 6-3 (Groundball, 6MS, EV 85.0 MPH)
Batting: LHB Cyrus LeDoux 0-0: Ball
1-0: Called Strike
1-1: Ball
2-1: Ball
3-1: Called Strike
3-2: Base on Balls
Pitching: RHP Harmon Cleland
Batting: RHB Cordell Fortunato 0-0: Ball
1-0: Foul Ball, location: 2F
1-1: Swinging Strike
1-2: Ball
2-2: Fly out, F8 (Line Drive, 8RM, EV 90.6 MPH)
Batting: LHB Evan Kessinger 0-0: Called Strike
0-1: Called Strike
0-2: Ball
1-2: Ball
2-2: Fly out, F7 (Flyball, 7, EV 86.9 MPH)
Top of the 8th over - 0 runs, 0 hits, 0 errors, 1 left on base; Texas 3 - Cal State Fullerton 2
BOTTOM OF THE 8TH
Cal State Fullerton Titans batting - Pitching for Texas Longhorns : LHP Logan Kinard
Batting: RHB Caleb Robinson 0-0: Ball
1-0: Foul Ball, location: 2F
1-1: Ball
2-1: SINGLE (Line Drive, 9S, EV 98.1 MPH)
Pinch Hitting: RHB Mike Jarvis 0-0: Ball
1-0: Ball
2-0: Ball
3-0: Called Strike
3-1: Swinging Strike
3-2: Foul Ball, location: 2F
3-2: Base on Balls
Caleb Robinson to second
Pitching: LHP Joey Boles
Batting: RHB Miles Fragosa 0-0: Grounds into double play, 5-4-3 (Groundball, 56, EV 88.8 MPH)
Caleb Robinson to third
Batting: RHB Braedan McPherson 0-0: Called Strike
0-1: Ball
1-1: 2-RUN HOME RUN (Flyball, 7D, EV 99.4 MPH), Distance : 392 ft
Batting: RHB Phillip DuPlantis 0-0: Called Strike
0-1: Ball
1-1: Swinging Strike
1-2: Ball
2-2: Ground out 6-3 (Groundball, 6MS, EV 78.1 MPH)
Bottom of the 8th over - 2 runs, 2 hits, 0 errors, 0 left on base; Texas 3 - Cal State Fullerton 4
TOP OF THE 9TH
Texas Longhorns batting - Pitching for Cal State Fullerton Titans : RHP Harmon Cleland
Now in LF: Micah Talley
Batting: RHB Henry Willke 0-0: Ball
1-0: Foul Ball, location: 2F
1-1: Foul Ball, location: 2F
1-2: Strikes out swinging
Pinch Hitting: LHB Moe Waybright 0-0: Ball
1-0: Called Strike
1-1: Called Strike
1-2: Ball
2-2: Ball
3-2: Base on Balls
Batting: RHB Kyle Joaquim 0-0: Ball
1-0: Foul Ball, location: 2F
1-1: Ball
2-1: SINGLE (Line Drive, 78S, EV 88.8 MPH)
Moe Waybright to second
Batting: RHB Jim Hamling 0-0: Foul Ball, location: 2F
0-1: Ball
1-1: Ball
2-1: Ball
3-1: Ground out 5-3 (Groundball, 56S, EV 66.9 MPH)
Moe Waybright to third
Kyle Joaquim to second
Batting: LHB Toren Robinson 0-0: Called Strike
0-1: Ball
1-1: Foul Ball, location: 2F
1-2: Ground out 1-3 (Groundball, 13S, EV 64.4 MPH)
Top of the 9th over - 0 runs, 1 hit, 0 errors, 2 left on base; Texas 3 - Cal State Fullerton 4
Wednesday, April 17th , 2024 - OOTP Baseball 23.10 Build 110